 Dungeon Crawl Stone Soup version 0.23.1-38-g628c18f423 (webtiles) character file.

Game seed: 12292170162286410165

130727 Marnok the Severer (level 16, -13/151 HPs)
             Began as a Deep Dwarf Artificer on Mar 29, 2019.
             Was a Priest of Elyvilon.
             Killed from afar by a deep elf mage (41 damage)
             ... with a bolt of lightning
             ... on level 3 of the Elven Halls.
             The game lasted 03:08:48 (18723 turns).

Marnok the Severer (Deep Dwarf Artificer)          Turns: 18723, Time: 03:08:49

Health: -13/151    AC: 21    Str: 20    XL:     16   Next: 53%
Magic:  4/4        EV: 11    Int: 17    God:    Elyvilon [***...]
Gold:   1176       SH: 15    Dex: 14    Spells: 15/15 levels left

rFire    . . .     SeeInvis .   e - +5 war axe (elec)
rCold    . . .     Gourm    .   D - +0 shield
rNeg     + . .     Faith    .   j - +2 chain mail {MR+}
rPois    +         Spirit   .   Y - +1 helmet {Int+3}
rElec    .         Reflect  .   V - +0 cloak
rCorr    .         Harm     +   k - +0 pair of gloves
MR       +++++                  (no boots)
Stlth    ..........             T - amulet of harm
HPRegen  0.00/turn              C - ring of protection from magic
MPRegen  0.09/turn              u - ring of protection from magic

@: non-regenerating, drained
A: damage resistance, heal wounds, large bone plates 1, yellow scales 1,
negative energy resistance 1, sense surroundings 2, poison resistance, wild
magic 1, no regeneration
a: Heal Wounds, Lesser Healing, Heal Other, Purification, Divine Protection,
Renounce Religion


You were on level 3 of the Elven Halls.
You worshipped Elyvilon.
Elyvilon was most pleased with you.
You were not hungry.

You visited 4 branches of the dungeon, and saw 23 of its levels.
You visited 1 bazaar.

You collected 2573 gold pieces.
You spent 1397 gold pieces at shops.

Inventory:

Hand Weapons
 e - a +5 war axe of electrocution (weapon)
 s - a +1 battleaxe of freezing
 x - a +2 spear of flaming
 I - a +3 flail of holy wrath
 X - a +0 antimagic broad axe
Missiles
 g - 12 tomahawks of returning
 l - 8 javelins of penetration
 L - 2 javelins of returning (quivered)
Armour
 j - a +2 chain mail of magic resistance (worn)
 k - a +0 pair of gloves (worn)
 z - the +2 fire dragon scales "Utop" {*Corrode +Blink rElec rF++ rC- Int+4}
   (You found it on level 4 of the Dungeon)

   It affects your intelligence (+4).
   It greatly protects you from fire.
   It makes you vulnerable to cold.
   It insulates you from electricity.
   It lets you blink.
   It may corrode you when you take damage.
 B - the +2 ring mail of Classification {+Inv Int+3}
   (You found it on level 5 of the Dungeon)

   It affects your intelligence (+3).
   It lets you turn invisible.
 D - a +0 shield (worn)
 H - the +2 ring mail "Zafe" {SInv}
   (You found it on level 6 of the Lair of Beasts)

   It lets you see invisible.
 Q - the +6 scale mail of Opho {+Fly MP-9 Str+5}
   (You found it on level 1 of the Lair of Beasts)

   It affects your strength (+5).
   It affects your magic capacity (-9).
   It lets you fly.
 V - a +0 cloak (worn)
 Y - a +1 helmet of intelligence (worn)
Jewellery
 a - an uncursed ring of magical power
 n - an uncursed ring of teleportation
 u - a ring of protection from magic (right hand)
 v - a +5 ring of intelligence
 y - an uncursed ring of protection from fire
 C - a ring of protection from magic (left hand)
 K - an uncursed ring of flight {unknown}
 M - a +3 ring of dexterity
 S - an uncursed ring of stealth
 T - an amulet of harm (around neck)
 W - an uncursed ring of protection from fire
Wands
 b - a wand of iceblast (5)
 c - a wand of flame (43)
 d - a wand of enslavement (32)
 m - a wand of polymorph (13)
 A - a wand of digging (10)
 E - a wand of acid (7)
Scrolls
 h - 3 scrolls of blinking
 i - 3 scrolls of remove curse
 o - 2 scrolls of amnesia
 p - 3 scrolls of fog
 G - 3 scrolls of identify
 J - a scroll of fear
 O - a scroll of magic mapping
 R - a scroll of noise {unknown}
Potions
 q - a potion of cancellation
 r - a potion of brilliance
 t - 4 potions of agility
 N - a potion of berserk rage {unknown}
 P - a potion of invisibility
 U - 3 potions of curing
Miscellaneous
 w - a crystal ball of energy
Comestibles
 f - 34 rations


   Skills:
 + Level 11.5(10.6) Fighting
   Level 3.2(2.6) Short Blades
 + Level 15.6(15.9) Axes
 + Level 9.7(11.8) Polearms
 + Level 3.7(3.0) Throwing
 + Level 12.4(11.5) Armour
 + Level 9.3(8.5) Dodging
 + Level 3.6(2.9) Stealth
 + Level 10.0(9.1) Shields
 + Level 11.1(10.3) Invocations
 + Level 5.3(4.6) Evocations


You had 15 spell levels left.
You didn't know any spells.
Your spell library contained the following spells:

 Spells                   Type           Power        Failure   Level  Hunger
 Confusing Touch          Hex            #.....       98%         1    ##.....
 Flame Tongue             Conj/Fire      #....        98%         1    ##.....
 Infusion                 Chrm           #...         98%         1    ##.....
 Sandblast                Erth           #.....       98%         1    ##.....
 Passwall                 Tmut/Erth      #.......     99%         2    ###....
 Shroud of Golubria       Chrm/Tloc      #.........   99%         2    ###....
 Song of Slaying          Chrm           #.......     99%         2    ###....
 Throw Flame              Conj/Fire      #.....       99%         2    ###....
 Confuse                  Hex            #.......     100%        3    ####...
 Conjure Flame            Conj/Fire      #.......     100%        3    ####...
 Gell's Gravitas          Tloc           #.........   100%        3    ####...
 Inner Flame              Hex/Fire       #.......     100%        3    ####...
 Spectral Weapon          Hex/Chrm       #.......     100%        3    ####...
 Stone Arrow              Conj/Erth      #.....       100%        3    ####...
 Petrify                  Tmut/Erth      #.......     100%        4    #####..
 Sticky Flame             Conj/Fire      #.......     100%        4    #####..
 Bolt of Draining         Conj/Necr      #.........   100%        5    ######.
 Bolt of Magma            Conj/Fire/Erth #.........   100%        5    ######.
 Fireball                 Conj/Fire      #.........   100%        5    ######.
 Irradiate                Conj/Tmut      #.........   100%        5    ######.
 Iskenderun's Battlesphe  Conj/Chrm      #.......     100%        5    ######.
 Lee's Rapid Deconstruct  Erth           #.........   100%        5    ######.
 Metabolic Englaciation   Hex/Ice        #.........   100%        5    ######.
 Summon Mana Viper        Hex/Summ       #.......     100%        5    ######.
 Venom Bolt               Conj/Pois      #.........   100%        5    ######.
 Yara's Violent Unravell  Hex/Tmut       #.........   100%        5    ######.
 Freezing Cloud           Conj/Ice/Air   #.........   100%        6    #######
 Hydra Form               Tmut           #.........   100%        6    #######
 Iron Shot                Conj/Erth      #.........   100%        6    #######
 Statue Form              Tmut/Erth      #........    100%        6    #######
 Dragon Form              Tmut           #.........   100%        7    #######
 Orb of Destruction       Conj           #.........   100%        7    #######
 Spellforged Servitor     Conj/Summ      #.........   100%        7    #######
 Regeneration             Chrm/Necr      Unusable     N/A         3    N/A

Dungeon Overview and Level Annotations

Branches:
Dungeon (12/15)            Temple (0/1) D:6            Lair (6/6) D:9
 Shoals (0/4) Lair:3        Snake (0/4) Lair:2        Slime (0/5) Lair:5
    Orc (2/2) D:10            Elf (3/3) Orc:2

Altars:
Ashenzari
Dithmenos
Elyvilon
Fedhas
Gozag
Hepliaklqana
Kikubaaqudgha
Nemelex Xobeh
Sif Muna
Trog
Uskayaw
Vehumet
Xom
Yredelemnul
The Shining One
Beogh
Jiyva

Shops:
D:4 *   D:11 [   Orc:2 *%*?   Elf:3 }=}

Annotations:
D:6 3 runed translucent doors, Peloso's ghost, novice MiFi
D:7 4 runed translucent doors
D:9 2 transporters, chimenez's ghost, novice OpFi
D:10 Gastronok
Elf:3 Louise


Innate Abilities, Weirdness & Mutations

You are resistant to damage.
You can heal yourself by infusing magical energy.
You resist negative energy. (rN+)
You passively map the area around you.
You do not regenerate.
You are partially covered in large bone plates. (SH +4)
You are partially covered in yellow scales. (AC +2)
Your system is resistant to poisons. (rPois)
Your spells are a little harder to cast, but a little more powerful.


Message History

You see here 2 arrows.
You barely miss the deep elf mage.
The deep elf mage is heavily wounded.
The deep elf archer shoots an arrow.
You block the arrow.
The deep elf mage hits you but does no damage.
You block the deep elf mage's attack.
You slash the deep elf mage!
The deep elf mage is almost dead.
The deep elf mage casts a spell at you. The bolt of lightning hits you!!
* * * LOW HITPOINT WARNING * * *
The bolt of lightning misses you.
Your magical essence is drained by the effort!
You feel much better.
The deep elf mage hits you but does no damage.
The deep elf mage points at you and mumbles some strange words.
The bolt of lightning hits you!!
* * * LOW HITPOINT WARNING * * *
The bolt of lightning hits you!!!
You die...

***, ..., ,,_ , *#.#* , , * *
#.# , , * #.# , , , * #######
#.# * ##.....##
##.##############ee.....## ,
####..........ee(((eE(○.....#
*#.....########.#####e☼e☼....#
####.## #@# ##E.....## #.# #.#
##○../## ,* #.# ### #E.## #.#
♣♣♣♣♣ ..E# #.# ♣♣...♣♣ ....#*
#.# ♣♣..∩..♣♣ .....* , #.#
♣.∩...∩.♣ , ☼
####.#######♣...⌠...♣* ,, ,
#..........#♣.......♣ , ,,*


You could see a deep elf archer and a deep elf mage.

Vanquished Creatures
  Frances (Elf:1)
  Roxanne (Elf:1)
  A deep elf sorcerer (Elf:1)
  An orc warlord (Orc:1)
  A stone giant (Orc:1)
  A deep elf annihilator (Elf:2)
  Harold (D:9)
  Josephine (Lair:5)
  The ghost of Zlobey the Blocker, a journeyman MiFi of Okawaru (Orc:1)
  3 catoblepae (Lair:6)
  2 hydras
  A two-headed ogre (Orc:1)
  10 dancing weapons
  17 death yaks
  An orc high priest (Orc:1)
  11 deep elf knights
  7 deep elf archers
  9 orc knights (Orc:2)
  A lindwurm (Lair:4)
  33 deep elf magi
  An ugly thing (D:11)
  2 manticores (Lair:6)
  3 orc sorcerers
  17 elephants
  A black mamba (shapeshifter) (Elf:2)
  4 black mambas
  A centaur zombie (D:12)
  2 centaur skeletons (D:12)
  A gargoyle (D:11)
  12 spiny frogs
  10 komodo dragons
  2 rime drakes (Lair:5)
  3 trolls
  A jumping spider (shapeshifter) (Elf:2)
  11 blink frogs
  7 dream sheep
  4 hippogriffs
  2 air elementals
  A vampire (D:11)
  4 water elementals
  6 wraiths
  70 yaks
  2 wyverns
  4 basilisks
  A fire elemental (Elf:1)
  4 hungry ghosts
  2 steam dragons
  12 wargs
  11 porcupines
  15 water moccasins
  41 orc warriors
  A sky beast (D:6)
  An eye of draining (D:9)
  4 phantoms
  2 black bears
  3 ice beasts
  14 wolves
  5 ogres
  A centaur (D:5)
  A necrophage (D:11)
  11 crocodiles
  3 big kobolds
  16 bullfrogs
  A water moccasin zombie (D:11)
  4 scorpions
  8 killer bees (D:11)
  A howler monkey (D:8)
  5 wights (D:7)
  6 crimson imps
  6 hounds
  A quasit (D:7)
  18 orc priests
  13 orc wizards
  5 bullfrog skeletons
  7 iguanas
  10 worker ants
  5 ogre zombies (D:10)
  3 hound skeletons
  Robin (D:4)
  A worker ant zombie (D:11)
  5 gnolls
  8 adders
  A river rat (Lair:2)
  2 shadow imps
  4 oozes
  2 adder skeletons
  A worm (D:2)
  2 dart slugs
  4 leopard geckos
  72 orcs
  3 ball pythons
  5 giant cockroaches
  18 goblins
  14 hobgoblins
  12 jackals
  6 quokkas
  8 bats
  4 frilled lizards
  A goblin skeleton (D:10)
  5 goblin zombies (D:10)
  A hobgoblin skeleton (D:10)
  A hobgoblin zombie (D:10)
  20 kobolds
  2 leopard gecko skeletons
  8 orc zombies (D:10)
  6 rats
  A butterfly (Lair:4)
  5 fungi
  8 plants
747 creatures vanquished.

Vanquished Creatures (collateral kills)
  A basilisk (Lair:1)
1 creature vanquished.

Vanquished Creatures (others)
  3 deep elf magi (Elf:1)
  A gnoll (D:4)
  An orc (D:10)
  12 fungi
  9 plants
26 creatures vanquished.

Grand Total: 774 creatures vanquished

Notes
Turn   | Place    | Note
-------+----------+-------------------------------------------
     0 | D:1      | Marnok the Deep Dwarf Artificer began the quest for the
                  | Orb.
     0 | D:1      | Reached XP level 1. HP: 16/16 MP: 3/3
     9 | D:1      | You fall through a shaft!
    84 | D:1      | Reached XP level 2. HP: 21/24 MP: 5/5
   234 | D:1      | Reached skill level 1 in Short Blades
   333 | D:1      | Reached skill level 1 in Fighting
   486 | D:1      | Reached XP level 3. HP: 23/31 MP: 6/6
   860 | D:2      | Reached skill level 1 in Armour
  1165 | D:2      | Reached XP level 4. HP: 27/38 MP: 7/7
  1205 | D:2      | Found an ancient bone altar of Kikubaaqudgha.
  1205 | D:2      | Found a shattered altar of Ashenzari.
  1206 | D:2      | Found a shadowy altar of Dithmenos.
  1208 | D:2      | Found a glowing golden altar of the Shining One.
  1529 | D:4      | Noticed Robin
  1739 | D:3      | Reached XP level 5. HP: 31/45 MP: 7/7
  2085 | D:4      | Got ruby-encrusted fire dragon scales
  2096 | D:4      | Identified the +2 fire dragon scales "Utop" {*Corrode
                  | +Blink rElec rF++ rC- Int+4} (You found it on level 4 of
                  | the Dungeon)
  2122 | D:4      | Killed Robin
  2318 | D:4      | Found a white marble altar of Elyvilon.
  2326 | D:4      | Became a worshipper of Elyvilon the Healer
  2402 | D:4      | Found a basalt altar of Yredelemnul.
  2558 | D:4      | Found Lozepun's Assorted Antiques.
  2561 | D:4      | Bought an agate ring for 105 gold pieces
  2561 | D:4      | Bought a scratched gilded ring for 105 gold pieces
  2601 | D:5      | Entered Level 5 of the Dungeon
  2775 | D:4      | Reached XP level 6. HP: 32/52 MP: 8/8
  2838 | D:5      | Found a hide-covered altar of Uskayaw.
  2873 | D:5      | Reached * piety under Elyvilon
  2901 | D:5      | Found a blossoming altar of Fedhas.
  2942 | D:5      | Got a distressingly furry ring mail
  2943 | D:5      | Identified the +2 ring mail of Classification {+Inv Int+3}
                  | (You found it on level 5 of the Dungeon)
  3027 | D:5      | Noticed an ice beast
  3035 | D:5      | Reached skill level 1 in Polearms
  3055 | D:5      | Killed an ice beast
  3057 | D:5      | Found a shattered altar of Ashenzari.
  3114 | D:5      | Reached XP level 7. HP: 49/61 MP: 8/8
  3463 | D:5      | Found a hazy altar of Hepliaklqana.
  3578 | D:5      | Found a radiant altar of Vehumet.
  3647 | D:5      | Reached ** piety under Elyvilon
  3863 | D:7      | Noticed a hungry ghost
  3890 | D:6      | Killed a hungry ghost
  3890 | D:6      | Reached XP level 8. HP: 37/70 MP: 9/9
  3971 | D:6      | Found a staircase to the Ecumenical Temple.
  4073 | D:6      | Found a sparkling altar of Nemelex Xobeh.
  4085 | D:6      | Found a runed translucent gate.
  4085 | D:6      | Noticed Peloso's ghost (novice MiFi)
  4086 | D:6      | Identified the cursed +0 spear "Ylaittatzu" {flame, rF+
                  | Str+4 Dex+4}
  4087 | D:6      | Found a runed translucent gate.
  4088 | D:6      | Found a runed translucent gate.
  4095 | D:6      | Found a roughly hewn altar of Beogh.
  4175 | D:6      | Reached skill level 1 in Invocations
  4474 | D:7      | Found a huge runed translucent gate.
  4474 | D:7      | Found a huge runed translucent gate.
  4474 | D:7      | Found a huge runed translucent gate.
  4488 | D:7      | Noticed a polar bear
  4489 | D:7      | Noticed a polar bear
  4489 | D:7      | Noticed a polar bear
  4510 | D:7      | Noticed a dream sheep
  4511 | D:7      | Noticed a death yak
  4511 | D:7      | Noticed a manticore
  4512 | D:7      | Found a huge runed translucent gate.
  4512 | D:7      | Noticed a death yak
  4580 | D:7      | Reached skill level 5 in Polearms
  4580 | D:7      | Reached skill level 5 in Armour
  4765 | D:7      | Reached *** piety under Elyvilon
  5638 | D:8      | Gained mutation: You passively map the area around you.
                  | [Deep Dwarf growth]
  5638 | D:8      | Reached XP level 9. HP: 58/79 MP: 10/10
  5823 | D:8      | Reached skill level 5 in Evocations
  6053 | D:8      | Reached **** piety under Elyvilon
  6170 | D:8      | Found an opulent altar of Gozag.
  6269 | D:9      | Found a staircase to the Lair.
  6296 | D:9      | Reached skill level 5 in Fighting
  6296 | D:9      | Reached skill level 5 in Dodging
  6426 | D:9      | Reached XP level 10. HP: 35/88 MP: 5/8
  6575 | D:10     | Entered Level 10 of the Dungeon
  6619 | D:9      | Found a transporter.
  6619 | D:9      | Noticed chimenez's ghost (novice OpFi)
  6620 | D:9      | Noticed a skeletal warrior
  6648 | D:9      | Found a transporter.
  6788 | D:9      | Noticed Harold
  6806 | D:9      | Killed Harold
  6857 | D:9      | Found a bloodstained altar of Trog.
  7164 | D:10     | Found a staircase to the Orcish Mines.
  7341 | D:10     | Noticed Gastronok
  7457 | D:11     | Found Manug's Armour Shop.
  7542 | D:11     | Noticed a gargoyle
  7553 | D:11     | Killed a gargoyle
  7681 | D:11     | Reached skill level 1 in Throwing
  7690 | D:11     | Reached skill level 1 in Axes
  7709 | D:11     | Reached skill level 2 in Axes
  7709 | D:11     | Reached XP level 11. HP: 50/99 MP: 5/9
  7755 | D:12     | Found the amulet of Vitality {Regen+ HP+15}
  7815 | D:11     | Reached skill level 3 in Axes
  7952 | D:12     | Noticed a red ugly thing
  7955 | D:12     | Noticed a two-headed ogre
  7998 | D:11     | Killed a red ugly thing
  8161 | D:11     | Reached skill level 4 in Axes
  8478 | D:12     | Reached skill level 5 in Axes
  8530 | D:12     | Noticed a skeletal warrior
  8530 | D:12     | Noticed a skeletal warrior
  8532 | D:12     | Noticed a two-headed ogre
  8532 | D:12     | Noticed a skeletal warrior
  8718 | Lair:1   | Entered Level 1 of the Lair of Beasts
  8795 | Lair:1   | Reached skill level 6 in Axes
  8950 | Lair:1   | Noticed a five-headed hydra
  8972 | Lair:1   | Killed a six-headed hydra
  8972 | Lair:1   | Reached skill level 7 in Axes
  8979 | Lair:1   | Reached skill level 5 in Invocations
  9248 | Lair:1   | Reached XP level 12. HP: 84/109 MP: 8/10
  9437 | Lair:1   | Got a warped scale mail
  9438 | Lair:1   | Identified the +6 scale mail of Opho {+Fly MP-9 Str+5} (You
                  | found it on level 1 of the Lair of Beasts)
  9532 | Lair:1   | Reached skill level 8 in Axes
  9685 | Lair:1   | Reached skill level 1 in Shields
 10047 | Lair:2   | Reached skill level 9 in Axes
 10215 | Lair:2   | Reached skill level 10 in Axes
 10355 | Lair:2   | Found a staircase to the Snake Pit.
 10644 | Lair:3   | Found a staircase to the Shoals.
 10716 | Lair:3   | Reached skill level 10 in Armour
 10993 | Lair:3   | Reached skill level 11 in Axes
 11071 | Lair:3   | Reached XP level 13. HP: 97/117 MP: 10/12
 11582 | Lair:4   | Found a deep blue altar of Sif Muna.
 12217 | Lair:5   | Noticed Josephine
 12232 | Lair:4   | Reached skill level 5 in Shields
 12413 | Lair:5   | Killed Josephine
 12413 | Lair:5   | Reached skill level 12 in Axes
 12645 | Lair:5   | Gained mutation: You resist negative energy. (rN+) [Deep
                  | Dwarf growth]
 12645 | Lair:5   | Reached XP level 14. HP: 127/129 MP: 8/11
 12647 | Lair:5   | Gained mutation: You are covered in fur. (AC +1) [potion of
                  | mutation]
 12647 | Lair:5   | Gained mutation: Your spells are a little harder to cast,
                  | but a little more powerful. [potion of mutation]
 12647 | Lair:5   | Gained mutation: You are partially covered in yellow
                  | scales. (AC +2) [potion of mutation]
 12647 | Lair:5   | Gained mutation: Your mind is acute. (Int +2) [potion of
                  | mutation]
 12773 | Lair:5   | Found a runed translucent door.
 12773 | Lair:5   | Found a viscous altar of Jiyva.
 12773 | Lair:5   | Found a staircase to the Slime Pits.
 12826 | Lair:6   | Entered Level 6 of the Lair of Beasts
 13193 | Lair:6   | Reached skill level 13 in Axes
 13487 | Lair:6   | Reached XP level 15. HP: 101/138 MP: 7/11
 13654 | Lair:6   | Got a transparent ring mail
 13906 | Lair:6   | Identified the +2 ring mail "Zafe" {SInv} (You found it on
                  | level 6 of the Lair of Beasts)
 13944 | Lair:6   | Reached skill level 10 in Fighting
 14712 | Orc:1    | Entered Level 1 of the Orcish Mines
 14761 | Orc:1    | Reached skill level 14 in Axes
 14921 | Orc:2    | Entered Level 2 of the Orcish Mines
 14963 | Orc:2    | Found a staircase to the Elven Halls.
 15508 | Orc:2    | Found Reideps's Magic Scroll Shop.
 15517 | Orc:2    | Bought a scroll of enchant weapon for 105 gold pieces
 15517 | Orc:2    | Bought a scroll of enchant weapon for 105 gold pieces
 15617 | Orc:2    | Found Monakaaf's General Store.
 15617 | Orc:2    | Found Baodighi's Food Shoppe.
 15633 | Orc:2    | Bought a scroll of enchant weapon for 90 gold pieces
 15671 | Orc:2    | Found a roughly hewn altar of Beogh.
 15689 | Orc:2    | Found Heh Weurio's Food Shop.
 15718 | Orc:2    | Bought a ration for 55 gold pieces
 15718 | Orc:2    | Bought a ration for 55 gold pieces
 15718 | Orc:2    | Bought a ration for 55 gold pieces
 15718 | Orc:2    | Bought a ration for 55 gold pieces
 15718 | Orc:2    | Bought a ration for 55 gold pieces
 15718 | Orc:2    | Bought a ration for 55 gold pieces
 15718 | Orc:2    | Bought a ration for 55 gold pieces
 15718 | Orc:2    | Bought a ration for 55 gold pieces
 15718 | Orc:2    | Bought a ration for 55 gold pieces
 15718 | Orc:2    | Bought a ration for 55 gold pieces
 15718 | Orc:2    | Bought a ration for 55 gold pieces
 15722 | Orc:2    | Found Ytros's Assorted Antiques.
 15819 | Orc:2    | Bought a wand of enslavement (12) for 66 gold pieces
 15968 | Orc:1    | Found a runed translucent door.
 15970 | Orc:1    | Found a shimmering altar of Xom.
 15970 | Orc:1    | Noticed Zlobey's ghost (journeyman MiFi)
 15992 | Orc:1    | Killed Zlobey's ghost
 16076 | Orc:1    | Noticed an orc warlord
 16098 | Orc:1    | Killed an orc warlord
 16508 | Elf:1    | Entered Level 1 of the Elven Halls
 16532 | Elf:1    | Found a flickering gateway to a bazaar.
 16543 | Bazaar   | Entered a bazaar
 16544 | Bazaar   | Found Sopn's Book Boutique.
 16544 | Bazaar   | Found Qiepy's Jewellery Boutique.
 16546 | Bazaar   | Found Bevol's Magic Scroll Emporium.
 16549 | Bazaar   | Found Lefis's Weapon Boutique.
 16559 | Bazaar   | Found Biczanie's Distillery.
 16564 | Bazaar   | Found Saebbur's Gadget Shoppe.
 16785 | Elf:1    | Lost mutation: Your mind is acute. (Int +2) [potion of
                  | mutation]
 16785 | Elf:1    | Lost mutation: You are covered in fur. (AC +1) [potion of
                  | mutation]
 16785 | Elf:1    | Lost mutation: Your spells are a little harder to cast, but
                  | a little more powerful. [potion of mutation]
 16785 | Elf:1    | Gained mutation: Your spells are a little harder to cast,
                  | but a little more powerful. [potion of mutation]
 16785 | Elf:1    | Gained mutation: Your system is resistant to poisons.
                  | (rPois) [potion of mutation]
 16785 | Elf:1    | Gained mutation: You are partially covered in large bone
                  | plates. (SH +4) [potion of mutation]
 16888 | Elf:1    | Noticed Frances
 16903 | Elf:1    | Killed Frances
 17093 | Elf:1    | Found a deep blue altar of Sif Muna.
 17177 | Elf:1    | Noticed Roxanne
 17194 | Elf:1    | Reached skill level 15 in Axes
 17202 | Elf:1    | Reached skill level 10 in Invocations
 17219 | Elf:1    | Reached XP level 16. HP: 78/150 MP: 5/11
 17391 | Elf:1    | Killed Roxanne
 17475 | Elf:1    | Identified the Almanac of Supportive Confrontation
 18326 | Elf:2    | Found a runed translucent gate.
 18326 | Elf:2    | Found a runed translucent gate.
 18326 | Elf:2    | Found a runed translucent gate.
 18439 | Elf:2    | Noticed a deep elf blademaster
 18512 | Elf:3    | Entered Level 3 of the Elven Halls
 18628 | Elf:3    | Found Safikij's Gadget Boutique.
 18629 | Elf:3    | Found Ehinacuz's Jewellery Emporium.
 18630 | Elf:3    | Found Juelum's Gadget Boutique.
 18636 | Elf:3    | Bought a wand of digging (5) for 216 gold pieces
 18691 | Elf:3    | Noticed Louise
 18708 | Elf:3    | Reached skill level 10 in Shields
 18723 | Elf:3    | Killed from afar by a deep elf mage

Skill      XL: |  1  2  3  4  5  6  7  8  9 10 11 12 13 14 15 16 |
---------------+-------------------------------------------------+-----
Short Blades   | 1 2 3 |  3.2
Fighting       | 1 2 3 4 5 6 7 8 9 11 | 11.5
Stealth        | 2 3 |  3.6
Armour         | 1 2 3 4 6 7 8 9 10 11 12 | 12.4
Dodging        | 3 4 5 6 7 8 9 |  9.3
Polearms       | 2 4 6 8 9 |  9.7
Invocations    | 1 2 3 5 6 7 8 10 11 | 11.1
Evocations     | 5 |  5.3
Throwing       | 1 2 3 |  3.7
Axes           | 2 7 11 12 13 15 | 15.6
Shields        | 4 6 7 9 10 | 10.0

Action                   |  1- 3 |  4- 6 |  7- 9 | 10-12 | 13-15 | 16-18 || total
-------------------------+-------+-------+-------+-------+-------+-------++-------
Melee: Short sword       |   165 |   248 |       |       |       |       ||   413
       Spear             |       |   120 |   679 |   385 |    14 |       ||  1198
       War axe           |       |       |       |   688 |   934 |   248 ||  1870
Throw: Javelin           |       |       |     6 |     5 |     1 |    10 ||    22
       Tomahawk          |       |       |       |       |       |    20 ||    20
Invok: Lesser Healing    |       |     1 |    13 |   133 |   187 |    62 ||   396
       Greater Healing   |       |       |     1 |     4 |     6 |       ||    11
       Heal Other        |       |       |       |     3 |       |       ||     3
       Divine Protection |       |       |       |     2 |       |     1 ||     3
       Purification      |       |       |       |     3 |     5 |       ||     8
 Abil: Heal Wounds       |       |     7 |    13 |    18 |    17 |    28 ||    83
       Evoke Blink       |       |       |     1 |     3 |       |       ||     4
Evoke: Wand              |       |     2 |       |     5 |     1 |       ||     8
  Use: Potion            |     5 |     4 |     1 |     1 |    11 |     2 ||    24
       Scroll            |       |    11 |       |    12 |    18 |     2 ||    43
 Stab: Sleeping          |     6 |     1 |       |       |       |       ||     7
       Invisible         |       |       |       |       |     1 |     2 ||     3
  Eat: Chunk             |     1 |     7 |    20 |    32 |    43 |    10 ||   113
       Ration            |       |       |     2 |     5 |     3 |     2 ||    12
Armor: Leather armour    |    48 |    44 |       |       |       |       ||    92
       Fire dragon scale |       |   118 |   323 |   608 |   225 |       ||  1274
       Scale mail        |       |       |       |       |    52 |       ||    52
       Chain mail        |       |       |       |       |    38 |    96 ||   134
Dodge: Dodged            |   121 |   256 |   319 |   714 |   343 |    64 ||  1817
Block: Shield            |       |       |       |   154 |   498 |   183 ||   835
